 Dungeon Crawl Stone Soup version 0.26-a0-651-gb41185065b (webtiles) character file.

Game seed: 9069129375766121773

57 Lanoc the Ducker (level 4, -3/30 HPs)
             Began as a Halfling Wanderer on Oct 28, 2020.
             Was a Follower of Uskayaw.
             Slain by a quokka (5 damage)
             ... on level 2 of the Dungeon.
             The game lasted 00:01:42 (580 turns).

Lanoc the Ducker (Halfling Wanderer)                 Turns: 580, Time: 00:01:43

Health: -3/30      AC:  2    Str: 12    XL:     4   Next: 18%
Magic:  6/6        EV: 15    Int: 11    God:    Uskayaw [*.....]
Gold:   49         SH:  0    Dex: 14    Spells: 5/6 levels left

rFire    . . .     SeeInvis .   a - +2 dagger
rCold    . . .     Faith    .   (shield restricted)
rNeg     . . .     Spirit   .   e - +0 robe
rPois    .         Reflect  .   (no helmet)
rElec    .         Harm     .   (no cloak)
rCorr    .         Rampage  .   (no gloves)
MR       .....                  (no boots)
Stlth    ++........             (no amulet)
HPRegen  0.10/turn              (no ring)
MPRegen  0.10/turn              (no ring)

@: no status effects
A: small, mutation resistance 1
a: Stomp, Renounce Religion


You were on level 2 of the Dungeon.
You worshipped Uskayaw.
Uskayaw was noncommittal.
You visited 1 branch of the dungeon, and saw 3 of its levels.

You collected 49 gold pieces.

Inventory:

Hand Weapons
 a - a +2 dagger (weapon)
Missiles
 f - 3 datura-tipped darts (quivered)
Armour
 e - a +0 robe (worn)
Scrolls
 c - 2 scrolls of amnesia {unknown}
 g - a scroll of enchant weapon {unknown}
 h - a scroll of fear {unknown}
 i - a scroll of teleportation {unknown}
Potions
 b - a potion of haste
 d - 2 potions of curing


   Skills:
 + Level 2.4 Fighting
 + Level 2.9 Dodging
 - Level 2.1 Stealth
   Level 1.1 Shields
 - Level 1.5 Unarmed Combat
 - Level 1.5 Spellcasting
   Level 1.0 Earth Magic


You had 5 spell levels left.
You knew the following spells:

 Your Spells              Type           Power        Failure   Level
a - Beastly Appendage     Tmut           #.....       30%         1

Your spell library contained the following spells:

 Spells                   Type           Power        Failure   Level
 Spider Form              Tmut/Pois      #.........   67%         3


Dungeon Overview and Level Annotations

Branches:
Dungeon (3/15)

Altars:
Cheibriados
Uskayaw
Xom
Yredelemnul


Innate Abilities, Weirdness & Mutations

You are small and have problems with some larger weapons.
You are somewhat resistant to further mutation.


Message History

Aim: an orc, wielding a +0 mace, wearing a cursed +0 leather armour and quivering 14 stones (severely wounded, chance to frenzy on hit: 100%)
You throw a datura-tipped dart. The datura-tipped dart hits the orc.
The orc flies into a frenzy!
The orc is severely wounded.
The orc barely misses the orc.
The orc closely misses the orc.
Found a stone staircase leading up.
You see here a stone.
The orc hits the orc with a +0 mace.
You feel a bit more experienced.
The orc shouts!
There is a stone staircase leading up here.
You climb upwards.
A quokka comes into view.
There is a stone staircase leading down here.
You closely miss the quokka. The quokka barely misses you.
You hit the quokka.
The quokka is heavily wounded.
The quokka bites you.
You die...

## #. #. ##.
### .. ..# #.
#.#
######.##.##
......r@.>.#
.#.######....#
##...# ......
#..### ..# #..
..#


You could see a quokka.

Vanquished Creatures
  Jessica (D:3)
  An adder (D:3)
  An ooze (D:2)
  2 bats (D:1)
  3 goblins
  A hobgoblin (D:1)
  2 jackals (D:3)
  2 kobolds
  A frilled lizard (D:2)
  A rat (D:3)
15 creatures vanquished.

Vanquished Creatures (collateral kills)
  2 orcs (D:3)
2 creatures vanquished.

Vanquished Creatures (others)
  An orc (D:3)
1 creature vanquished.

Grand Total: 18 creatures vanquished

Notes
Turn   | Place    | Note
-------+----------+-------------------------------------------
     0 | D:1      | Lanoc the Halfling Wanderer began the quest for the Orb.
     0 | D:1      | Lanoc set off with the following items: a +2 dagger, a
                  | potion of haste, a potion of curing, a +0 robe; and the
                  | following spell memorised: Beastly Appendage; and the
                  | following spells available to memorise: Spider Form
     0 | D:1      | Reached XP level 1. HP: 13/13 MP: 3/3
    31 | D:1      | Reached XP level 2. HP: 16/18 MP: 2/4
   275 | D:3      | Reached XP level 3. HP: 15/24 MP: 5/5
   464 | D:3      | Found a basalt altar of Yredelemnul.
   465 | D:3      | Found a hide-covered altar of Uskayaw.
   465 | D:3      | Found a snail-covered altar of Cheibriados.
   465 | D:3      | Found a shimmering altar of Xom.
   474 | D:3      | Noticed Jessica
   480 | D:3      | Killed Jessica
   480 | D:3      | Reached XP level 4. HP: 30/30 MP: 6/6
   501 | D:3      | Became a worshipper of Uskayaw the Reveler
   559 | D:3      | Reached * piety under Uskayaw
   566 | D:3      | HP: 1/30 [orc/stone (3)]
   580 | D:2      | Slain by a quokka

Illustrated notes

Levels and vault maps discovered:
D:1:      lightli_arrival_statuegarden, layout_basic
D:2:      layout_basic, marbit_many_paths, uniq_terence
D:3:      layout_basic, grunt_temple_overflow_open, uniq_jessica

Skill      XL: |  1  2  3 |
---------------+----------+-----
Dodging        | 2 |  2.9
Fighting       | 2 |  2.4
Stealth        | |  2.1
Shields        | |  1.1
Unarmed Combat | |  1.5
Spellcasting   | |  1.5
Earth Magic    | |  1.0

Action                   |  1- 3 |  4- 6 || total
-------------------------+-------+-------++-------
Melee: Dagger            |    30 |    12 ||    42
       Kick              |     2 |       ||     2
Throw: Dart              |       |     2 ||     2
 Cast: Beastly Appendage |     1 |       ||     1
 Stab: Sleeping          |     2 |       ||     2
Armor: Robe              |     2 |       ||     2
Dodge: Dodged            |    18 |     9 ||    27

Table legend: (Time is in decaauts)
 A = Elapsed time spent in this place.
 B = Non-inter-level travel time spent in this place.
 C = Inter-level travel time spent in this place.
 D = Time resting spent in this place.
 E = Time spent auto-exploring this place.
 F = Levels seen in this place.
 G = Mean time per level.
                   A        B        C        D        E       F      G
               +--------+--------+--------+--------+--------+-----+--------+
         Total |    579 |    579 |      0 |      0 |    420 |   3 |  193.0 |
       Dungeon |    579 |    579 |      0 |      0 |    420 |   3 |  193.0 |
               +--------+--------+--------+--------+--------+-----+--------+

Top non-repeatable levels by time:
     D:3: 442 daAuts
     D:1: 85 daAuts
     D:2: 52 daAuts
